 Dungeon Crawl Stone Soup version 0.32-a0-975-g85d4e5bfdb (webtiles) character file.

Game seed: 17010003575169644824

1764 jasper the Covert (level 9, -3/79 (82) HPs)
             Began as a Naga Wanderer on Apr 18, 2024.
             Was a Believer of Vehumet.
             Slain by a wight
             ... wielding a +2 long sword
              (4 damage)
             ... on level 5 of the Dungeon.
             The game lasted 00:12:29 (5721 turns).

jasper the Covert (Naga Wanderer)                   Turns: 5721, Time: 00:12:29

HP:   -3/79 (82)    AC: 10    Str: 14    XL:     9   Next: 7%
MP:   13/16         EV:  8    Int: 16    God:    Vehumet [**....]
Gold: 240           SH:  0    Dex: 12    Spells: 4/18 levels left

rFire   . . .        o - +2 rapier (elec)
rCold   . . .        (no shield)
rNeg    . . .        h - +0 robe
rPois   +            (no helmet)
rElec   .            (no cloak)
rCorr   .            (no gloves)
SInv    +            (no barding)
Will    +....        (no amulet)
Stlth   ++++         t - ring of flight
HPRegen 0.33/turn    (no ring)
MPRegen 0.15/turn

%: no passive effects
@: ice-armoured, flying, lightly drained, very slow
A: AC +3, large, see invisible, deformed body, poison resistance, slowness 2,
spit poison 1, naga tail 1
a: Spit Poison, Renounce Religion


You were on level 5 of the Dungeon.
You worshipped Vehumet.
Vehumet was pleased with you.
You visited 1 branch of the dungeon, and saw 5 of its levels.

You collected 240 gold pieces.

Inventory:

Hand Weapons
 a - a +0 club
 b - a +1 vampiric short sword
 g - a +3 hand axe
 m - a +1 trident
 o - a +2 rapier of electrocution (weapon)
Missiles
 l - 16 stones
 r - 3 silver javelins
Armour
 c - a +0 scale mail
 h - a +0 robe (worn)
 j - a +0 ring mail
Magical Staves
 e - a staff of conjuration
Jewellery
 t - a ring of flight (left hand)
Scrolls
 f - 4 scrolls of enchant weapon
 w - a scroll of immolation {unknown}
Potions
 d - 2 potions of attraction
 i - 2 potions of degeneration
 k - 3 potions of mutation
 s - a potion of lignification {unknown}
 u - a potion of invisibility {unknown}


   Skills:
 + Level 5.9 Fighting
 - Level 3.2 Armour
 - Level 8.0 Stealth
 - Level 5.0 Spellcasting
 - Level 1.0 Summonings
 * Level 6.2 Ice Magic
 - Level 1.0 Invocations


You had 4 spell levels left.
You knew the following spells:

 Your Spells              Type           Power      Damage    Failure   Level
a - Frozen Ramparts       Ice            46%        1d7       3%          3
b - Ozocubu's Armour      Ice            23%        N/A       3%          3
c - Mephitic Cloud        Conj/Alch/Air  4%         N/A       41%         3
d - Freezing Cloud        Conj/Ice/Air   5%         6-21      88%         5

Your spell library contained the following spells:

 Spells                   Type           Power      Damage    Failure   Level
 Sting                    Conj/Alch      16%        1d4       16%         1
 Freeze                   Ice            92%        1d9       1%          1
 Summon Small Mammal      Summ           28%        N/A       10%         1
 Kiss of Death            Conj/Necr      16%        2d6       16%         1
 Shock                    Conj/Air       16%        1d4       16%         1
 Slow                     Hex            16%        N/A       16%         1
 Call Imp                 Summ           14%        N/A       16%         2
 Jinxbite                 Hex            8%         N/A       22%         2
 Mercury Vapours          Alch/Air       8%         N/A       22%         2
 Sublimation of Blood     Necr           4%         N/A       22%         2
 Call Canine Familiar     Summ           7%         N/A       30%         3
 Swiftness                Air            4%         N/A       41%         3
 Airstrike                Air            2%         2d(1-17)  83%         4
 Ozocubu's Refrigeration  Ice            11%        4d10      100%        7
 Summon Hydra             Summ           3%         N/A       100%        7


Dungeon Overview and Level Annotations

Branches:
Dungeon (5/15)             Temple (0/1) D:4

Altars:
Trog
Uskayaw
Vehumet
Wu Jian
Zin


Innate Abilities, Weirdness & Mutations

Your serpentine skin is tough. (AC +3)
You have supernaturally acute eyesight. (SInv)
Armour fits poorly on your strangely shaped body.
Your system is resistant to poisons. (rPois)
You cover ground very slowly.
You can spit poison.
You have a snake-like lower body.


Message History

The wight is severely damaged.
The wight completely resists.
The wall freezes the wight but does no damage.
The wight hits you but does no damage.
The wall freezes the scorpion.
The scorpion closely misses you.
The wall freezes the wight but does no damage.
The wight hits you with a +2 long sword.
* * * LOW HITPOINT WARNING * * *
You take 2 damage, and have 3/79 hp.
You closely miss the wight.
The wight is severely damaged.
The wall freezes the scorpion.
You kill the scorpion!
Vehumet accepts your kill.
The wall freezes the wight but does no damage.
The wight hits you with a +2 long sword.
* * * LOW HITPOINT WARNING * * *
You feel drained.
* * * LOW HITPOINT WARNING * * *
You take 2 damage, and have 1/79 hp.
You aren't carrying any items that you can evoke.
Okay, then.
Unknown command.
Casting: Frozen Ramparts (dangerous; 3% risk of failure)
Confirm with . or Enter, or press ? or * to list all spells.
Okay, then.
Unknown command.
Okay, then.
Unknown command.
Okay, then.
Unknown command.
Throw: 4 javelins (silver)
Press: ? - help, Shift-Dir - straight line, f - wight
Aim: a wight, wielding a +2 long sword and wearing a +0 chain mail (severely damaged, 64% to hit)
You throw a silver javelin.
The silver javelin pierces through the wight but does no damage.
The wight is severely damaged.
The frozen ramparts melt away.
The wight hits you with a +2 long sword.
You die...

#...#...#...#.
#..#...#(..#..
#.#?..#.. #?..
#..#...#.
#...#...#
#........
#.#...#..
#†z#...# #@.?#
#..#...#
#.#...#..
#........
####.###. ...
####


You could see a wight.

Vanquished Creatures
  A hornet (D:5)
  Grinder (D:5)
  Duvessa (D:4)
  2 ogres
  A phantom (D:4)
  Blork the orc (D:4)
  A kobold brigand (D:5)
  4 scorpions
  Dowan (D:4)
  A howler monkey (D:5)
  2 hounds
  2 jellies
  3 orc priests
  An orc wizard (D:4)
  Natasha (thrice) (D:4)
  A gnoll (D:2)
  12 adders
  A shadow imp (D:5)
  2 dart slugs
  A ribbon worm (D:3)
  20 orcs
  13 endoplasms
  5 giant cockroaches
  4 goblins
  8 hobgoblins
  2 jackals (D:2)
  9 kobolds
  3 quokkas (D:1)
  6 ball pythons
  6 bats
  4 frilled lizards
  6 rats
128 creatures vanquished.

Notes
Turn   | Place    | Note
-------+----------+-------------------------------------------
     0 | D:1      | jasper the Naga Wanderer began the quest for the Orb.
     0 | D:1      | jasper set off with the following items: a +0 club, a
                  | potion of heal wounds, a +0 scale mail; and the following
                  | spells available to memorise: Summon Small Mammal, Kiss of
                  | Death, Slow, Jinxbite, Call Canine Familiar, Swiftness.
     0 | D:1      | Reached XP level 1. HP: 15/15 MP: 3/3
    56 | D:1      | Reached skill level 2 in Stealth
   119 | D:1      | Reached skill level 3 in Stealth
   119 | D:1      | Reached XP level 2. HP: 22/22 MP: 5/5
   295 | D:1      | Reached skill level 4 in Stealth
   555 | D:1      | Reached XP level 3. HP: 28/28 MP: 6/6
   626 | D:1      | You fall into a shaft and drop 1 floor!
   729 | D:1      | Reached skill level 5 in Stealth
  1302 | D:2      | Reached XP level 4. HP: 35/36 MP: 7/7
  1310 | D:2      | Reached skill level 6 in Stealth
  1762 | D:2      | Got the Incunable of the Deep Freeze
  1849 | D:2      | Found a radiant altar of Vehumet.
  1877 | D:2      | Became a worshipper of Vehumet
  2102 | D:2      | Learned a level 3 spell: Frozen Ramparts
  2106 | D:2      | Learned a level 3 spell: Ozocubu's Armour
  2410 | D:3      | Noticed a scorpion
  2421 | D:3      | Killed a scorpion
  2422 | D:3      | Reached skill level 7 in Stealth
  2422 | D:3      | Reached XP level 5. HP: 23/42 MP: 8/8
  2554 | D:3      | Reached skill level 8 in Stealth
  2768 | D:3      | Reached skill level 1 in Fighting
  2884 | D:3      | Found a hide-covered altar of Uskayaw.
  3141 | D:4      | Noticed Natasha
  3171 | D:4      | Killed Natasha
  3420 | D:4      | Found an ornate altar of the Wu Jian Council.
  3422 | D:4      | Found a bloodstained altar of Trog.
  3426 | D:4      | Found a glowing silver altar of Zin.
  3458 | D:4      | Reached XP level 6. HP: 51/55 MP: 9/9
  3473 | D:4      | Noticed Blork the orc
  3481 | D:4      | Killed Blork the orc
  3481 | D:4      | Reached * piety under Vehumet
  3481 | D:4      | Offered knowledge of Magic Dart by Vehumet.
  3807 | D:4      | Reached XP level 7. HP: 18/62 MP: 12/12
  3811 | D:4      | Learned a level 3 spell: Mephitic Cloud
  4000 | D:4      | Noticed Natasha
  4007 | D:4      | Killed Natasha
  4015 | D:4      | Learned a level 5 spell: Freezing Cloud
  4641 | D:4      | Noticed Duvessa
  4641 | D:4      | Noticed Dowan
  4654 | D:4      | Killed Duvessa
  4655 | D:4      | Reached skill level 1 in Ice Magic
  4658 | D:4      | Killed Dowan
  4833 | D:4      | Found a staircase to the Ecumenical Temple.
  4893 | D:4      | Noticed Natasha
  4903 | D:4      | Killed Natasha
  4905 | D:4      | Reached XP level 8. HP: 55/72 MP: 8/15
  5245 | D:5      | Entered Level 5 of the Dungeon
  5252 | D:5      | Reached skill level 5 in Spellcasting
  5377 | D:5      | Noticed Grinder
  5390 | D:5      | Killed Grinder
  5620 | D:5      | Reached skill level 5 in Fighting
  5655 | D:5      | Noticed a hornet
  5668 | D:5      | Killed a hornet
  5668 | D:5      | Reached ** piety under Vehumet
  5668 | D:5      | Offered knowledge of Sting by Vehumet.
  5669 | D:5      | Reached skill level 5 in Ice Magic
  5719 | D:5      | Reached XP level 9. HP: 5/79 MP: 12/16
  5719 | D:5      | HP: 3/79 [wight/+2 long sword (2)]
  5720 | D:5      | HP: 1/77 [wight/+2 long sword (1)]
  5721 | D:5      | Slain by a wight

Illustrated notes

Levels and vault maps discovered:
D:1:      lemuel_arrival_funnel, layout_loops_ring
D:2:      layout_basic, basic_altar, cheibrodos_gnoll_hut
D:3:      layout_loops_corners, mainiacjoe_overflow_surrounded_room,
          st_stairs_14
D:4:      dreamdust_elfheim, layout_layer_cave, minitemple,
          minmay_temple_entry_poolview, uniq_blork_the_orc, uniq_natasha
D:5:      cheibrodos_fzero, layout_loops_corners, portal_sewer_entry_f,
          uniq_grinder

Skill      XL: |  1  2  3  4  5  6  7  8 |
---------------+-------------------------+-----
Stealth        | 3 4 5 7 8 |  8.0
Fighting       | 2 3 4 5 |  5.9
Spellcasting   | 3 4 5 |  5.0
Ice Magic      | 2 6 |  6.2
Armour         | |  3.2
Summonings     | |  1.0
Invocations    | |  1.0

Action                     |  1- 3 |  4- 6 |  7- 9 || total
---------------------------+-------+-------+-------++-------
  Melee: Club              |    69 |    71 |       ||   140
         Short sword       |       |    15 |       ||    15
         Rapier            |       |    25 |    74 ||    99
  Throw: Javelin           |    13 |    23 |     4 ||    40
         Stone             |       |     1 |       ||     1
   Cast: Frozen Ramparts   |       |       |    18 ||    18
         Ozocubu's Armour  |       |       |     4 ||     4
Ability: Spit Poison       |    40 |    48 |    26 ||   114
    Use: Potion            |     1 |       |     7 ||     8
         Scroll            |       |    11 |     1 ||    12
 Armour: Scale mail        |    49 |       |       ||    49
         Ring mail         |    14 |   114 |    16 ||   144
         Robe              |       |       |   114 ||   114
  Dodge: Dodged            |    33 |    55 |    43 ||   131

Table legend: (Time is in decaauts)
 A = Elapsed time spent in this place.
 B = Non-inter-level travel time spent in this place.
 C = Inter-level travel time spent in this place.
 D = Time resting spent in this place.
 E = Time spent auto-exploring this place.
 F = Levels seen in this place.
 G = Mean time per level.
                   A        B        C        D        E       F      G
               +--------+--------+--------+--------+--------+-----+--------+
         Total |   7287 |   7048 |    239 |    538 |   5353 |   5 | 1457.4 |
       Dungeon |   7287 |   7048 |    239 |    538 |   5353 |   5 | 1457.4 |
               +--------+--------+--------+--------+--------+-----+--------+

Top non-repeatable levels by time:
     D:4: 2498 daAuts
     D:2: 1679 daAuts
     D:3: 1376 daAuts
     D:1: 1201 daAuts
     D:5: 531 daAuts
